 Dungeon Crawl Stone Soup version 0.21-a0-201-g8501b10 (webtiles) character file.

155 Helio the Vexing (level 5, 0/24 HPs)
             Began as a Spriggan Enchanter on Aug 18, 2017.
             Slain by an orc (3 damage)
             ... on level 4 of the Dungeon.
             The game lasted 00:11:47 (5375 turns).

Helio the Vexing (Spriggan Enchanter)               Turns: 5375, Time: 00:11:48

Health: 0/24       AC:  2    Str:  4    XL:     5   Next: 14%
Magic:  1/13       EV: 18    Int: 18    God:
Gold:   213        SH:  0    Dex: 16    Spells: 5/14 levels left

rFire    . . .     SeeInvis +   a - +1 dagger
rCold    . . .     Gourm    .   (shield restricted)
rNeg     . . .     Faith    .   b - +0 robe
rPois    +         Spirit   .   (helmet restricted)
rElec    .         Reflect  .   (no cloak)
rCorr    .         Harm     .   (gloves unavailable)
MR       .....                  (boots unavailable)
Stlth    +++.......             (no amulet)
HPRegen  0.08/turn              o - ring of poison resistance
MPRegen  0.13/turn              (no ring)

@: very slightly contaminated, hasted, very quick
A: unfitting armour, see invisible, herbivore 3, speed 3, slow metabolism 2
a: no special abilities


You were on level 4 of the Dungeon.
You were not hungry.

You visited 1 branch of the dungeon, and saw 4 of its levels.

You collected 213 gold pieces.

Inventory:

Hand Weapons
 a - a +1 dagger (weapon)
Armour
 b - a +0 robe (worn)
Jewellery
 o - a ring of poison resistance (left hand)
Wands
 m - a wand of acid (12/15)
Scrolls
 e - a scroll of teleportation
 j - a scroll of amnesia
 k - a scroll of remove curse
Potions
 f - a potion of ambrosia
 g - a potion of flight
 h - 2 potions of berserk rage
 i - a potion of curing
 n - a potion of brilliance
Books
 c - a book of Maledictions

   Spells                             Type                      Level
   a - Corona                         Hexes                        1
   b - Ensorcelled Hibernation        Hexes/Ice                    2
   c - Confuse                        Hexes                        3
   d - Tukima's Dance                 Hexes                        3
   e - Dazzling Spray                 Conjuration/Hexes            3
 l - a book of the Warp

   Spells                             Type                      Level
   a - Gell's Gravitas                Translocation                3
   b - Portal Projectile              Hexes/Translocation          3
   c - Force Lance                    Conjuration/Translocation    4
   d - Dispersal                      Translocation                6
   e - Controlled Blink               Translocation                8
   f - Disjunction                    Translocation                8
Comestibles
 d - 4 bread rations
 p - 2 royal jellies


   Skills:
 - Level 1.1 Short Blades
 - Level 3.0 Dodging
 - Level 4.4 Stealth
 + Level 5.0 Spellcasting
 + Level 5.5 Hexes


You had 5 spell levels left.
You knew the following spells:

 Your Spells              Type           Power        Failure   Level  Hunger
a - Ensorcelled Hibernat  Hex/Ice        ##....       6%          2    #......
b - Corona                Hex            ###....      1%          1    None
c - Confuse               Hex            ###.....     4%          3    ##.....
d - Tukima's Dance        Hex            ###.....     4%          3    ##.....


Dungeon Overview and Level Annotations

Branches:
Dungeon (4/15)
 Temple: D:4-7

Altars:
Gozag
Uskayaw
Wu Jian
The Shining One


Innate Abilities, Weirdness & Mutations

You are very small and have problems with some larger weapons.
You are too small for most types of armour.
You have supernaturally acute eyesight. (SInv)
You are a herbivore.
You cover ground extremely quickly.
You need consume almost no food.


Message History

The orc priest misses you. The orc hits you. The orc hits you with a whip.
Casting: Ensorcelled Hibernation
Confirm with . or Enter, or press ? or * to list all spells.
Aiming: Ensorcelled Hibernation
Press: ? - help, Shift-Dir - straight line, f/p - orc priest
Aim: an orc priest, wielding a mace and wearing a leather armour (chance to defeat MR: 45%)
The orc priest resists with some effort.
The orc barely misses you. The orc priest hits you with a mace!
* * * LOW HITPOINT WARNING * * *
The orc hits you with a whip.
* * * LOW HITPOINT WARNING * * *
Casting: Ensorcelled Hibernation
Confirm with . or Enter, or press ? or * to list all spells.
Aiming: Confuse
Press: ? - help, Shift-Dir - straight line, f/p - orc priest
Aim: an orc priest, wielding a mace and wearing a leather armour (chance to defeat MR: 53%)
The orc priest appears confused.
The orc hits you but does no damage. The orc misses you.
You feel yourself speed up. The orc hits you.
You die...

###.# ##..## ##.###.###.#........
#.###≈≈.≈###..........##....###
#.'..≈.#...'.#....######...## #
#.'...#.≈..'.#.#### #.#'## #
#####≈.≈≈#####.# #....### ##..##
##.##### ##....... ### #..#
......# ##.......#
###.####++######.o...###.........
................@......+.........
###...######.###oo...###.........
##..# #.# #.....# ##.......# ##.#
#.# ####..# ##.....## #.# #.. ..#
##...## ####.# ### ## ##'##
#....# #.# #.#### #.# #.# ##.##


You could see an orc priest (confused) and 2 orcs.

Vanquished Creatures
  An orc priest (D:4)
  4 adders
  A worm (D:2)
  12 dart slugs
  An orc (D:4)
  6 bats
  3 giant cockroaches
  4 goblins
  4 hobgoblins
  6 jackals
  2 quokkas (D:2)
  2 frilled lizards
  8 kobolds
  A quokka skeleton (D:4)
  10 rats
65 creatures vanquished.

Notes
Turn   | Place    | Note
-------+----------+-------------------------------------------
     0 | D:1      | Helio the Spriggan Enchanter began the quest for the Orb.
     0 | D:1      | Reached XP level 1. HP: 9/9 MP: 5/5
   279 | D:1      | Reached XP level 2. HP: 9/13 MP: 5/7
   283 | D:1      | Learned a level 2 spell: Ensorcelled Hibernation
  1387 | D:2      | Reached XP level 3. HP: 16/16 MP: 9/9
  1392 | D:2      | Learned a level 3 spell: Confuse
  1396 | D:2      | Learned a level 3 spell: Tukima's Dance
  2670 | D:2      | Reached XP level 4. HP: 21/21 MP: 8/11
  3058 | D:3      | Reached skill level 5 in Hexes
  3695 | D:3      | Found a glowing golden altar of the Shining One.
  3715 | D:3      | Noticed a hand axe
  3716 | D:3      | Found a hide-covered altar of Uskayaw.
  3716 | D:3      | Noticed a hand axe
  3801 | D:3      | Found an opulent altar of Gozag.
  4422 | D:3      | Found an ornate altar of the Wu Jian Council.
  5082 | D:4      | Reached skill level 5 in Spellcasting
  5082 | D:4      | Reached XP level 5. HP: 19/24 MP: 9/13
  5375 | D:4      | Slain by an orc

Vault maps used:
D:1:      lightli_arrival_chessboard
D:2:      minmay_close_crescents
D:3:      kennysheep_slugbush, grunt_gozag_breadcrumbs, dancing_weapons_uskayaw,
          nicolae_overflow_hidden_temple, lemuel_doored_altar
D:4:      first_bread, kennysheep_generic_room_4

Skill      XL: |  1  2  3  4 |
---------------+-------------+-----
Spellcasting   | 3 4 5 |  5.0
Hexes          | 4 5 |  5.5
Short Blades   | |  1.1
Dodging        | |  3.0
Stealth        | |  4.4

Action                   |  1- 3 |  4- 6 || total
-------------------------+-------+-------++-------
Melee: Dagger            |   169 |    41 ||   210
 Cast: Corona            |     7 |       ||     7
       Ensorcelled Hiber |    33 |    22 ||    55
       Confuse           |       |     2 ||     2
  Use: Scroll            |     8 |     4 ||    12
       Potion            |       |     1 ||     1
 Stab: Sleeping          |    25 |    14 ||    39
       Distracted        |       |     1 ||     1
       Confused          |       |     1 ||     1
  Eat: Bread ration      |     1 |       ||     1
Armor: Robe              |    25 |     2 ||    27
Dodge: Dodged            |   135 |    32 ||   167
